 Dungeon Crawl Stone Soup version 0.31.0 (webtiles) character file.

Game seed: 6538979594604280390

21 Arctor the Vexing (level 3, -4/20 HPs)
             Began as a Kobold Hexslinger on Jan 19, 2024.
             Slain by a scorpion (7 damage)
             ... on level 1 of the Dungeon.
             The game lasted 00:00:27 (844 turns).

Arctor the Vexing (Kobold Hexslinger)                Turns: 844, Time: 00:00:28

Health: -4/20      AC:  2    Str:  5    XL:     3   Next: 2%
Magic:  5/5        EV: 15    Int: 14    God:
Gold:   30         SH:  0    Dex: 19    Spells: 5/5 levels left

rFire   . . .        a - +1 sling
rCold   . . .        (no shield)
rNeg    . . .        c - +0 robe
rPois   .            (no helmet)
rElec   .            (no cloak)
rCorr   .            (no gloves)
SInv    .            (no boots)
Will    .....        (no amulet)
Stlth   +++          (no ring)
HPRegen 0.23/turn    (no ring)
MPRegen 0.09/turn

%: no passive effects
@: no status effects
A: small, no large weapons, nightstalker 3
a: no special abilities


You were on level 1 of the Dungeon.
You visited 1 branch of the dungeon, and saw 2 of its levels.

You collected 30 gold pieces.

Inventory:

Hand Weapons
 a - a +1 sling (weapon)
Armour
 c - a +0 robe (worn)
Jewellery
 f - a ring of poison resistance
Scrolls
 b - 2 scrolls of poison
 d - 2 scrolls of teleportation {unknown}
 e - a scroll of fear {unknown}


   Skills:
 + Level 1.5 Fighting
 + Level 3.0 Ranged Weapons
 + Level 2.7 Dodging
 + Level 1.5 Spellcasting
 + Level 3.1 Hexes
 + Level 1.3 Fire Magic


You had 5 spell levels left.
You didn't know any spells.
Your spell library contained the following spells:

 Spells                   Type           Power      Damage    Failure   Level
 Jinxbite                 Hex            18%        N/A       11%         2
 Sigil of Binding         Hex            9%         N/A       21%         3
 Inner Flame              Hex/Fire       7%         N/A       30%         3
 Cause Fear               Hex            4%         N/A       56%         4
 Dimensional Bullseye     Hex/Tloc       2%         N/A       78%         4


Dungeon Overview and Level Annotations

Branches:
Dungeon (2/15)

Altars:

Shops:
D:1 (


Innate Abilities, Weirdness & Mutations

You are small and have problems with some larger weapons.
You are completely attuned to the shadows.


Message History

No target in view!
What level of the Dungeon? (default 1, ? - help)
You see here a +0 robe.
You see here a +0 tower shield.
There is a stone staircase leading down here.
You climb downwards.
There is a stone staircase leading up here.
A scorpion is nearby!
You shoot a sling bullet.
The sling bullet hits the scorpion but does no damage.
A scorpion is nearby!
You shoot a sling bullet.
The sling bullet hits the scorpion but does no damage.
A ribbon worm comes into view.
The scorpion stings you!
There are monsters nearby!
You shoot a sling bullet. The sling bullet hits the scorpion.
The scorpion is moderately wounded.
The scorpion stings you.
There are monsters nearby!
You are too injured to fight recklessly!
Unknown command.
The scorpion stings you.
You climb upwards.
There is a stone staircase leading down here.
You don't know any spells.
You aren't carrying any potions.
You shoot a sling bullet.
The sling bullet closely misses the scorpion.
The scorpion stings you. The scorpion closely misses you.
You shoot a sling bullet.
The sling bullet hits the scorpion but does no damage.
The scorpion is moderately wounded.
The scorpion stings you.
* * * LOW HITPOINT WARNING * * *
You shoot a sling bullet.
The sling bullet hits the scorpion but does no damage.
The scorpion is moderately wounded.
The scorpion stings you!
You die...

#.# #.# #.# ####.#####
######.#### #.........
#.........# #.########
#.####.##.####.# #
########.# #.##.#....#
# #........#
#>##......# ##
#.########
#s##......#######. #.#
#@###.........##.# #.#
#.# ##....###..... #.#
###.#####...# ####.#
#.# ####...........#
##. #.#
#......#####...# ## #.#
#..)......##...########
#.#
####...................
#.#
#...##.##.#.########
#.#
#..###.##.#.########


You could see a scorpion.

Vanquished Creatures
  A dart slug (D:1)
  2 ball pythons (D:1)
  3 bats (D:1)
  An endoplasm (D:1)
  A giant cockroach (D:1)
  A quokka (D:1)
  A frilled lizard (D:1)
  2 goblins (D:1)
  2 kobolds (D:1)
  5 rats (D:1)
19 creatures vanquished.

Notes
Turn   | Place    | Note
-------+----------+-------------------------------------------
     0 | D:1      | Arctor the Kobold Hexslinger began the quest for the Orb.
     0 | D:1      | Reached XP level 1. HP: 12/12 MP: 2/2
   183 | D:1      | Reached XP level 2. HP: 16/16 MP: 3/3
   639 | D:1      | Reached XP level 3. HP: 20/20 MP: 5/5
   760 | D:1      | Found Ahesogha's Antique Weapon Boutique.
   836 | D:2      | Noticed a scorpion
   844 | D:1      | Slain by a scorpion

Illustrated notes

Levels and vault maps discovered:
D:1:      amcnicky_arrival_flooded_fountain, layout_loops_ring, serial_shops,
          nicolae_shop_just_a_little_nook
D:2:      layout_rooms, basic_altar

Skill      XL: |  1  2 |
---------------+-------+-----
Ranged Weapons | 3 |  3.0
Fighting       | |  1.5
Dodging        | |  2.7
Spellcasting   | |  1.5
Hexes          | |  3.1
Fire Magic     | |  1.3

Action                     || total
---------------------------++-------
   Fire: Sling             ||    50
 Armour: Robe              ||    12
  Dodge: Dodged            ||     8
